Map: Crimson Court LE

Players

RedpackCuKu (CuKu) - Winner!

  • Race: Terran Terran
  • Spawn Location: 7:00

Spazymazy

  • Race: Zerg Zerg
  • League: Master
  • Spawn Location: 1:00

Event: HomeStory Cup XXV

VOD

Have the link to the VOD?

Description

Time

  • Played on: June 22, 2024, 9:55 a.m.
  • Length: 13:42

All games in this series

Show
View Real Time Build Order
Export as new Build Order

RedpackCuKu Terran - Winner!

Build Orders: Reaper Expand 

Get SALT Encoding   

  12  0:00  SCV  
  13  0:13  SCV  
  14  0:16  Supply Depot  
  14  0:25  SCV  
  15  0:38  SCV  
  15  0:40  Barracks  
  16  0:46  Refinery  
  16  0:50  SCV  
  17  1:04  SCV  
  18  1:17  SCV  
  19  1:29  Orbital Command, Reaper  
  20  1:40  Command Center  
  20  1:51  Supply Depot  
  20  1:56  SCV  
  20  2:01  Marine  
  23  2:08  SCV  
  23  2:14  Factory  
  23  2:22  Barracks Reactor  
  23  2:23  SCV  
  24  2:37  SCV  
  25  2:46  Command Center  
  25  2:52  Orbital Command  
  25  2:56  SCV  
  25  3:09  Hellion x2  
  25  3:11  Barracks  
  29  3:14  SCV  
  29  3:16  Barracks Tech Lab  
  31  3:20  SCV  
  31  3:26  SCV  
  32  3:32  SCV  
  32  3:33  Hellion  
  35  3:38  SCV  
  34  3:46  SCV  
  34  3:47  Marine, Stimpack  
  36  3:50  SCV  
  37  3:57  Refinery  
  37  3:58  SCV  
  37  4:00  Orbital Command  
  38  4:03  SCV  
  38  4:05  Marine x2  
  38  4:06  Marine  
  38  4:09  Factory Reactor  
  42  4:10  SCV  
  42  4:13  Starport  
  42  4:15  SCV  
  44  4:22  SCV  
  44  4:23  Marine x2  
  47  4:25  SCV  
  47  4:27  SCV  
  47  4:29  Marine  
  50  4:32  Supply Depot  
  50  4:34  SCV  
  50  4:38  SCV  
  52  4:39  SCV  
  52  4:41  Marine  
  52  4:42  Marine  
  55  4:46  Supply Depot  
  55  4:47  SCV, Marine  
  55  4:50  SCV  
  55  4:51  SCV  
  59  4:55  Medivac x2  
  59  4:59  Orbital Command, SCV  
  64  5:00  Barracks, Factory Reactor  
  64  5:02  Supply Depot  
  64  5:05  Marine x3  
  67  5:08  SCV  
  67  5:11  Supply Depot  
  68  5:14  SCV  
  68  5:17  Engineering Bay  
  68  5:18  Engineering Bay  
  68  5:20  SCV  
  70  5:22  Marine  
  70  5:25  Barracks  
  70  5:27  Barracks  
  71  5:32  SCV x3  
  71  5:33  Starport Reactor, Marine  
  71  5:34  Marine  
  76  5:39  Combat Shield  
  76  5:43  Marine  
  76  5:46  SCV  
  76  5:48  Refinery  
  76  5:49  Refinery  
  79  5:51  Marine  
  77  6:00  Marine x2  
  77  6:01  SCV x2  
  77  6:03  SCV  
  79  6:05  Marine  
  79  6:08  Marine  
  79  6:09  Marine  
  82  6:12  Widow Mine x2  
  82  6:13  SCV  
  82  6:14  Terran Infantry Armor Level 1  
  82  6:16  Terran Infantry Weapons Level 1, SCV  
  88  6:19  SCV  
  88  6:20  Marine x2  
  88  6:23  Barracks Reactor  
  88  6:25  SCV  
  92  6:29  SCV  
  93  6:32  Supply Depot  
  93  6:33  Supply Depot  
  93  6:34  SCV, Marine x2, Bunker  
  93  6:36  Marine  
  93  6:37  Barracks Reactor  
  93  6:38  Marine  
  93  6:39  Marine  
  98  6:42  SCV  
  100  6:51  SCV  
  100  6:54  SCV, Marine, Widow Mine x2, Medivac  
  101  6:55  Refinery, Factory  
  101  6:57  Supply Depot  
  101  6:58  Marine x3  
  101  6:59  Supply Depot  
  111  7:08  Marine x2  
  113  7:11  Marine  
  113  7:13  Marine x2  
  116  7:17  Medivac  
  116  7:18  Marine  
  116  7:19  Widow Mine  
  119  7:24  Widow Mine  
  121  7:30  Command Center, Medivac  
  121  7:32  Marine  
  121  7:33  Marine  
  121  7:35  SCV  
  123  7:38  Missile Turret  
  123  7:40  Missile Turret x2  
  123  7:41  Widow Mine  
  123  7:43  Factory Tech Lab  
  123  7:44  Missile Turret  
  123  7:47  Medivac  
  123  7:49  Marine x3  
  123  7:51  Missile Turret  
  128  7:57  Sensor Tower  
  128  7:59  Armory  
  128  8:01  Marine x3  
  131  8:08  Widow Mine  
  133  8:14  Widow Mine x2  
  133  8:15  Supply Depot  
  133  8:17  Supply Depot  
  133  8:18  Supply Depot  
  137  8:22  Marine x2  
  139  8:30  Widow Mine  
  141  8:36  Marine x4  
  145  8:41  Marine x2  
  145  8:48  Marine  
  148  8:51  Marine  
  148  8:55  Thor  
  155  8:57  Widow Mine x2  
  155  9:02  Barracks x2  
  159  9:03  Missile Turret, Barracks  
  159  9:04  Supply Depot  
  159  9:05  Supply Depot  
  159  9:09  Terran Infantry Weapons Level 2  
  159  9:10  Terran Infantry Armor Level 2  
  159  9:14  Marine x2  
  159  9:16  Marine x3  
  164  9:19  Medivac x2  
  164  9:21  Marine x2  
  164  9:23  Marine x2  
  168  9:28  Drilling Claws  
  168  9:29  Planetary Fortress  
  168  9:31  SCV  
  169  9:42  Marine, Marauder  
  169  9:44  Marine x2  
  174  9:46  SCV  
  174  9:50  Supply Depot  
  174  9:51  Supply Depot  
  174  9:57  Marine  
  174  9:58  Marine x2  
  177  10:03  Marauder  
  177  10:04  Marine x2  
  178  10:07  Marine  
  174  10:23  Marine  
  174  10:24  Marine x4  
  174  10:25  Marine x2, Marauder  
  174  10:26  Thor, Widow Mine x2  
  182  10:28  Marine  
  182  10:30  Barracks Tech Lab x2  
  182  10:32  Barracks Tech Lab  
  181  10:35  SCV  
  181  10:41  Marine  
  181  10:42  Marine x3  
  186  10:44  Command Center  
  186  10:46  Marauder  
  188  10:55  Marine x2, Marauder x3  
  196  11:03  Marine x2  
  188  11:07  Marine x2, Marauder  
  188  11:08  Marine x2  
  188  11:09  SCV  
  195  11:16  Marauder  
  197  11:25  Marauder x2  
  189  11:26  Widow Mine  
  189  11:27  Marine  
  189  11:28  Marine x2  
  189  11:29  Marauder  
  189  11:30  Marine  
  197  11:37  Marauder  
  177  11:45  Marine  
  177  11:46  Missile Turret, Marauder x2  
  174  11:48  Missile Turret x2  
  174  11:50  Marauder  
  176  11:56  Marine x2  
  176  11:57  Marine  
  176  11:58  SCV  
  176  11:59  SCV x2, Marauder  
  184  12:07  Marauder  
  184  12:08  Marine, Marauder  
  187  12:12  Marauder  
  190  12:20  Marauder  
  190  12:22  Marine x5  
  190  12:24  Marine  
  190  12:25  SCV  
  190  12:28  SCV  
  186  12:30  Marauder  
  186  12:35  Marauder  
  188  12:43  Marauder x2  
  192  12:44  SCV  
  192  12:46  Marine x2, Missile Turret  
  192  12:47  SCV, Marine, Missile Turret  
  192  12:49  SCV  
  198  12:53  SCV  
  198  12:57  SCV  
  200  13:07  Ghost Academy  
  183  13:13  Marauder  
  183  13:14  Marauder  
  183  13:15  Marine x3, Marauder  
  183  13:16  Marauder  
Show
View Real Time Build Order
Export as new Build Order

Spazymazy Zerg 

Build Orders: Pool First 

Get SALT Encoding   

  12  0:00  Drone  
  13  0:11  Overlord  
  13  0:16  Drone  
  14  0:29  Drone  
  14  0:30  Drone  
  16  0:40  Spawning Pool  
  15  0:43  Drone  
  15  0:47  Drone  
  17  1:08  Hatchery  
  17  1:10  Drone  
  17  1:15  Extractor  
  16  1:27  Zergling x6  
  16  1:31  Queen  
  21  1:42  Overlord  
  21  1:53  Roach Warren  
  20  2:01  Drone x2  
  23  2:12  Drone  
  23  2:14  Queen  
  26  2:16  Metabolic Boost  
  26  2:20  Drone  
  27  2:23  Drone  
  28  2:41  Hatchery  
  27  2:44  Drone  
  27  2:46  Drone  
  27  2:48  Drone  
  27  2:50  Drone  
  31  2:53  Drone  
  32  3:02  Drone x3  
  35  3:09  Overlord  
  35  3:17  Overlord  
  36  3:20  Drone  
  36  3:23  Overlord  
  36  3:26  Queen  
  38  3:28  Drone x2  
  40  3:37  Drone  
  40  3:39  Drone x2  
  41  3:44  Drone  
  41  3:45  Drone  
  41  3:47  Zergling x6  
  45  3:53  Queen  
  45  3:54  Zergling x2  
  45  3:55  Zergling x6  
  51  3:56  Zergling x2  
  52  4:04  Zergling x6  
  52  4:08  Queen  
  57  4:11  Drone  
  57  4:14  Drone  
  57  4:16  Drone, Baneling Nest  
  59  4:22  Drone  
  60  4:25  Drone x2  
  60  4:27  Overlord x2  
  60  4:28  Drone  
  63  4:31  Drone  
  63  4:37  Drone x2  
  65  4:41  Overlord  
  65  4:44  Overlord  
  65  4:45  Lair  
  65  4:46  Zergling x4  
  65  4:48  Zergling x2  
  65  4:51  Drone  
  69  4:54  Drone  
  69  4:57  Drone x3  
  69  4:59  Spore Crawler  
  72  5:02  Spore Crawler  
  72  5:03  Drone  
  72  5:04  Drone  
  74  5:07  Drone  
  74  5:09  Spore Crawler  
  73  5:19  Drone x2, Queen  
  73  5:20  Queen  
  79  5:21  Extractor x2  
  79  5:26  Overlord  
  77  5:29  Drone x5  
  77  5:30  Drone  
  77  5:31  Drone  
  77  5:33  Extractor  
  83  5:36  Drone x4  
  83  5:38  Zergling x6  
  90  5:45  Centrifugal Hooks  
  90  5:48  Zergling x6  
  87  5:58  Zergling x14  
  94  6:06  Drone x2  
  94  6:07  Spire  
  94  6:09  Extractor x2  
  93  6:12  Zergling x8  
  93  6:15  Overlord  
  97  6:22  Drone  
  98  6:26  Overlord  
  98  6:28  Overlord  
  98  6:39  Drone x3  
  100  6:40  Drone x4  
  100  6:44  Zergling x6  
  100  6:45  Evolution Chamber x2  
  100  6:46  Hatchery  
  104  6:49  Overlord  
  104  6:52  Zergling x4  
  106  7:03  Baneling x27  
  106  7:04  Zergling x10  
  111  7:08  Overseer  
  111  7:09  Zergling x2  
  111  7:10  Zergling x6  
  115  7:19  Zergling x6  
  112  7:34  Mutalisk x4  
  116  7:37  Drone x3  
  116  7:42  Hatchery  
  118  7:46  Drone  
  118  7:48  Zerg Ground Armor Level 1  
  118  7:50  Zerg Melee Weapons Level 1  
  119  7:54  Zergling x2  
  119  7:55  Zergling x4  
  119  7:58  Overlord  
  121  8:02  Queen, Mutalisk x2  
  121  8:04  Zergling x2  
  128  8:06  Extractor  
  128  8:08  Extractor  
  126  8:13  Mutalisk x2  
  126  8:15  Zergling x10  
  126  8:16  Zergling x2  
  136  8:21  Zerg Flyer Weapons Level 1  
  136  8:22  Drone x2  
  136  8:23  Drone  
  136  8:24  Drone x3, Overlord  
  142  8:29  Overlord x2  
  141  8:38  Zergling x2  
  141  8:40  Overlord  
  141  8:41  Overlord  
  143  8:43  Hatchery  
  143  8:44  Overlord  
  143  8:45  Overlord  
  140  8:51  Infestation Pit  
  140  8:53  Mutalisk x5  
  140  8:55  Zergling x12  
  155  8:59  Drone  
  155  9:01  Drone  
  157  9:08  Mutalisk x3  
  164  9:13  Zergling x10  
  164  9:14  Zergling x2  
  170  9:23  Mutalisk x3  
  166  9:29  Hive  
  166  9:42  Hatchery  
  166  9:44  Zerg Melee Weapons Level 2, Zerg Ground Armor Level 2  
  165  9:46  Hatchery, Zergling x10  
  165  9:47  Zergling x2  
  166  9:55  Zergling x14  
  171  10:11  Pneumatized Carapace  
  171  10:12  Overseer  
  171  10:16  Baneling  
  171  10:17  Baneling x19, Zergling x2  
  171  10:18  Zergling x12  
  170  10:24  Baneling x9  
  170  10:25  Baneling  
  163  10:32  Mutalisk  
  163  10:36  Drone x9  
  172  10:45  Ultralisk Cavern  
  172  10:48  Drone x3  
  174  10:50  Adrenal Glands  
  174  11:05  Mutalisk x4  
  174  11:09  Drone, Extractor  
  174  11:10  Drone x2  
  174  11:11  Drone x3, Extractor  
  185  11:14  Drone x2  
  177  11:26  Zergling x8  
  177  11:27  Zergling x30  
  194  11:38  Zergling x2  
  194  11:39  Zergling x16  
  180  11:41  Zergling x4  
  173  11:48  Chitinous Plating  
  173  11:51  Zergling x4  
  173  11:52  Zergling x8  
  171  12:06  Zergling x12  
  171  12:07  Zergling x2  
  177  12:11  Hatchery  
  177  12:12  Ultralisk x2  
  189  12:30  Ultralisk  
  189  12:31  Overlord  
  189  12:32  Overlord  
  189  12:33  Baneling x18  
  189  12:38  Overlord  
  187  12:58  Ultralisk x2  
  187  13:13  Zergling x20  
Tags
 
Add a new tag
Caveats
  • Supply blocks, unpowered buildings, or Contaminate may cause inaccurate times.
  • Supply counts are checked every 10 seconds.